 Dungeon Crawl Stone Soup version 0.31-a0-1-g4198be8af4 (webtiles) character file.

Game seed: 4857179040484666384

68 qeuew the Trooper (level 4, 0/52 HPs)
             Began as a Demonspawn Monk on May 1, 2023.
             Slain by a hobgoblin (2 damage)
             ... led by Robin
             ... on level 2 of the Dungeon.
             The game lasted 00:03:10 (1323 turns).

qeuew the Trooper (Demonspawn Monk)                 Turns: 1323, Time: 00:03:10

Health: 0/52       AC: 22    Str: 11 (13) XL:     4   Next: 1%
Magic:  4/4        EV:  2    Int:  8 (11) God:
Gold:   116        SH:  4    Dex: 14 (16) Spells: 3/3 levels left

rFire   . . .        g - +0 flail
rCold   . . .        d - orb {light}
rNeg    . . .        b - melded +0 robe
rPois   +            (helmet currently unavailable)
rElec   .            (cloak currently unavailable)
rCorr   .            (gloves currently unavailable)
SInv    .            (boots currently unavailable)
Will    .....        (no amulet)
Stlth   +            (no ring)
HPRegen 0.28/turn    (no ring)
MPRegen 0.09/turn

%: no passive effects
@: tree-form, glowing
A: stationary, stasis, torment immunity, boosted hp, condensation shield
a: no special abilities


You were on level 2 of the Dungeon.
You were a tree.
You visited 1 branch of the dungeon, and saw 2 of its levels.

You collected 116 gold pieces.

Inventory:

Hand Weapons
 g - a +0 flail (weapon)
Armour
 b - a +0 robe (melded)
 d - an orb of light (worn)
Scrolls
 f - a scroll of teleportation
 j - a scroll of identify
Potions
 a - a potion of flight


   Skills:
 + Level 3.4 Fighting
 * Level 3.4 Maces & Flails
 + Level 1.2 Armour
 + Level 3.1 Dodging


You had 3 spell levels left.
You didn't know any spells.
Your spell library contained the following spells:

 Spells                   Type           Power      Damage    Failure   Level
 Ensorcelled Hibernation  Hex/Ice        0%         N/A       54%         2
 Passwall                 Tmut/Erth      0%         N/A       54%         2
 Swiftness                Air            0%         N/A       78%         3


Dungeon Overview and Level Annotations

Branches:
Dungeon (2/15)

Altars:


Innate Abilities, Weirdness & Mutations

You are a tree.
Your roots penetrate the ground, keeping you stationary.
You cannot be teleported.
You are immune to unholy pain and torment.
Your maximum health is greatly increased.
Your equipment is partially melded.
A meltable shield of frost defends you. (SH +4)


Message History

The goblin hits you but does no damage.
Okay, then.
The air fills with toxic fumes!
As you read the scroll labelled VYCIOPL VOGI, it crumbles to dust.
It was a scroll of poison.
Robin barely misses you. You block the goblin's attack.
The goblin hits you but does no damage.
As you read the scroll labelled LYX KUG LO ROY, it crumbles to dust.
You cannot blink because you are held in place by your roots.
It was a scroll of blinking.
Robin roars a battlecry!
You block the goblin's attack. The goblin completely misses you.
You sock Robin!
You kill Robin!
The goblin hits you but does no damage. x2
Unknown command.
You completely miss the goblin.
The goblin is severely wounded.
The goblin hits you but does no damage. x2
The hobgoblin hits you but does no damage.
Unknown command.
You hit the goblin but do no damage.
The goblin is severely wounded.
The hobgoblin no longer looks unusually strong.
The goblin hits you but does no damage. x2
The hobgoblin hits you but does no damage.
The goblin hits you but does no damage. The goblin hits you with a +0 club.
* * * LOW HITPOINT WARNING * * *
The hobgoblin hits you but does no damage.
You sock the goblin!
You kill the goblin!
The goblin hits you but does no damage.
The hobgoblin hits you but does no damage.
You sock the goblin!
You kill the goblin!
The hobgoblin no longer looks unusually strong.
The hobgoblin hits you but does no damage.
You have reached level 4!
You feel agile.
You barely miss the hobgoblin. The hobgoblin hits you.
You die...

.# .. .# §# ####.# ○#
#....# §# #....# §#
#...# g###.#.
##.##############g.ggg..
......#..§§°§☼°○g#
##.##.#.########♣#
##......# #))☼○○☼#
.####.### ########
.####.# ......# .######
.# .# .#


You could see 2 hobgoblins and a goblin (strong).

Vanquished Creatures
  Robin (D:2)
  An adder (D:2)
  A dart slug (D:1)
  6 ball pythons (D:1)
  3 bats
  3 endoplasms
  4 giant cockroaches
  8 goblins
  5 hobgoblins
  A quokka (D:1)
  2 frilled lizards (D:1)
  3 kobolds
  4 rats
42 creatures vanquished.

Notes
Turn   | Place    | Note
-------+----------+-------------------------------------------
     0 | D:1      | qeuew the Demonspawn Monk began the quest for the Orb.
     0 | D:1      | Reached XP level 1. HP: 18/18 MP: 1/1
   166 | D:1      | Gained mutation: A meltable shield of frost defends you.
                  | (SH +4) [demonic ancestry]
   166 | D:1      | Reached XP level 2. HP: 21/24 MP: 2/2
   264 | D:1      | Found a faded altar of an unknown god.
   568 | D:1      | Reached XP level 3. HP: 28/29 MP: 3/3
   953 | D:2      | Reached skill level 1 in Armour
  1289 | D:2      | Identified the +2 flail of Indignation {freeze, Will-
                  | Dex+3}
  1293 | D:2      | Noticed Robin
  1318 | D:2      | Killed Robin
  1320 | D:2      | HP: 1/43 [goblin/+0 club[Robin] (4)]
  1323 | D:2      | Reached XP level 4. HP: 2/35 MP: 4/4
  1323 | D:2      | Slain by a hobgoblin

Illustrated notes

Levels and vault maps discovered:
D:1:      erik_arrival_cave_to_civilisation [erik_arrival_cave_to_hall],
          layout_basic, ebering_ecumenical_altar_rust, hangedman_decor_lopped,
          minmay_statues_item
D:2:      layout_loops_cross, uniq_robin

Skill      XL: |  1  2  3 |
---------------+----------+-----
Maces & Flails | 3 |  3.4
Dodging        | 3 |  3.1
Armour         | 1 |  1.2
Fighting       | |  3.4

Action                     |  1- 3 |  4- 6 || total
---------------------------+-------+-------++-------
  Melee: Mace              |    21 |       ||    21
         Flail             |    75 |     1 ||    76
    Use: Scroll            |     6 |       ||     6
         Potion            |     6 |       ||     6
 Armour: Robe              |    12 |       ||    12
         Skin              |    25 |       ||    25
  Dodge: Dodged            |    86 |       ||    86
  Block: Orb               |    16 |       ||    16

Table legend: (Time is in decaauts)
 A = Elapsed time spent in this place.
 B = Non-inter-level travel time spent in this place.
 C = Inter-level travel time spent in this place.
 D = Time resting spent in this place.
 E = Time spent auto-exploring this place.
 F = Levels seen in this place.
 G = Mean time per level.
                   A        B        C        D        E       F      G
               +--------+--------+--------+--------+--------+-----+--------+
         Total |   1345 |   1329 |     16 |      0 |   1083 |   2 |  672.5 |
       Dungeon |   1345 |   1329 |     16 |      0 |   1083 |   2 |  672.5 |
               +--------+--------+--------+--------+--------+-----+--------+

Top non-repeatable levels by time:
     D:1: 917 daAuts
     D:2: 428 daAuts
